 Dungeon Crawl Stone Soup version 0.26.1-11-gd32895ea62 (webtiles) character file.

Game seed: 14887239683078980252

42 Zeld the Chopper (level 3, -3/46 HPs)
             Began as a Minotaur Berserker on May 23, 2021.
             Was a Follower of Trog.
             Killed from afar by Natasha (10 damage)
             ... with a magic dart
             ... on level 4 of the Dungeon.
             The game lasted 00:00:51 (1407 turns).

Zeld the Chopper (Minotaur Berserker)               Turns: 1407, Time: 00:00:52

Health: -3/46      AC:  0    Str: 22    XL:     3   Next: 35%
Magic:  2/2        EV: 12    Int:  4    God:    Trog [*.....]
Gold:   68         SH:  0    Dex:  9    Spells: 2/2 levels left

rFire    . . .     SeeInvis .   a - +0 hand axe
rCold    . . .     Faith    .   (no shield)
rNeg     . . .     Spirit   .   (no armour)
rPois    .         Reflect  .   (helmet restricted)
rElec    .         Harm     .   (no cloak)
rCorr    .         Rampage  .   (no gloves)
Will     .....                  (no boots)
Stlth    ..........             (no amulet)
HPRegen  0.15/turn              (no ring)
MPRegen  0.08/turn              (no ring)

@: berserking, slowed
A: retaliatory headbutt, horns 2
a: Renounce Religion, Berserk


You were on level 4 of the Dungeon.
You worshipped Trog.
Trog was aware of your devotion.
You visited 1 branch of the dungeon, and saw 3 of its levels.

You collected 68 gold pieces.

Inventory:

Hand Weapons
 a - a +0 hand axe (weapon)
Jewellery
 b - an uncursed amulet of the acrobat {unknown}
Scrolls
 d - a scroll of teleportation {unknown}
 e - a scroll of random uselessness {unknown}
Potions
 c - a potion of curing {unknown}
 f - a potion of magic {unknown}
 g - a potion of brilliance {unknown}
 h - a potion of attraction {unknown}


   Skills:
 - Level 3.6 Fighting
 * Level 5.4 Axes
 - Level 2.4 Armour
 - Level 2.1 Dodging


You had 2 spell levels left.
You didn't know any spells.
Your spell library was empty.

Dungeon Overview and Level Annotations

Branches:
Dungeon (2/15)

Altars:

Annotations:
D:4 Natasha


Innate Abilities, Weirdness & Mutations

You reflexively headbutt those who attack you in melee.
You have a pair of horns on your head.


Message History

No target in view!
No target in view!
An orc priest comes into view. It is wielding a +0 trident.
Natasha, Servant of Life and Death comes into view.
Natasha hisses angrily.
The orc priest shouts!
You hear a shout!
There are monsters nearby!
There are monsters nearby!
Natasha stares at you and mumbles some strange words.
You feel yourself slow down.
The orc priest hits you from afar with a +0 trident!
Natasha stares at you and mumbles some strange words.
The magic dart hits you! The orc priest misses you.
A red film seems to cover your vision as you go berserk!
You feel yourself moving faster!
You feel mighty!
The orc priest calls down the wrath of Beogh upon you.
Pain shoots through your body!
* * * LOW HITPOINT WARNING * * *
Natasha stares at you and mumbles some strange words.
The magic dart hits you!
You die...

# #.....# # #.....# #
#.....#
######.....#############
........................
........................
........................
........................
................@.......
..............###'######
..........h...# .o.
..............# .....
#####.........# .......
....... ....... ....
....... .......


You could see an orc priest and Natasha.

Vanquished Creatures
  2 adders (D:4)
  A worm (D:2)
  6 bats
  A giant cockroach (D:1)
  2 goblins (D:1)
  3 hobgoblins
  2 frilled lizards (D:1)
  A kobold (D:1)
  5 rats
23 creatures vanquished.

Notes
Turn   | Place    | Note
-------+----------+-------------------------------------------
     0 | D:1      | Zeld the Minotaur Berserker began the quest for the Orb.
     0 | D:1      | Reached XP level 1. HP: 19/19 MP: 0/0
   142 | D:1      | Reached skill level 4 in Axes
   242 | D:1      | Reached XP level 2. HP: 18/26 MP: 1/1
  1364 | D:2      | You fall into a shaft and drop 2 floors!
  1372 | D:4      | Reached skill level 5 in Axes
  1372 | D:4      | Reached XP level 3. HP: 31/31 MP: 2/2
  1404 | D:4      | Noticed Natasha
  1407 | D:4      | Killed from afar by Natasha

Illustrated notes

Levels and vault maps discovered:
D:1:      wander_arrival_chamber, layout_basic
D:2:      layout_basic, nicolae_overflow_hidden_temple, serial_glass,
          glass_columns_a, glass_columns_b, uniq_terence, uniq_sigmund
D:4:      layout_gridville, general_overflow_altar, uniq_grinder, uniq_natasha

Skill      XL: |  1  2 |
---------------+-------+-----
Axes           | 4 5 |  5.4
Fighting       | |  3.6
Armour         | |  2.4
Dodging        | |  2.1

Action                   || total
-------------------------++-------
Melee: Hand axe          ||    37
       Headbutt          ||     7
Invok: Berserk           ||     1
 Stab: Sleeping          ||     1
Dodge: Dodged            ||    28
